AoeStats
← THL

Nomad

507410031Analyzed
2v2 RM · 14d ago on Sep 18, 2026· 28m 46s· 4 players
Game mode
Random Map
Map size
176×176
Population
200
Speed
Normal
Resources
Standard
Victory
Conquest
Starting age
Dark Age
Ending age
Imperial Age
RankedLock teamsTeams togetherTeam positionsShared explorationLock speedFull tech treeHidden civsTurbo modeCheats
Victory
Defeat
🇻🇳 Spanish · Vietnam
1565
+15
🇩🇪 Dravidians · Germany
1503
+17
🇺🇾 Persians · Uruguay
1562
-17
🇺🇾 Koreans · Uruguay
1509
-15
|FMG| twitch/JabsUY
9:43 Loom
12:06 Feudal Age
15:55 Castle Age
16:16 Scale Barding Armor
18:45 Wheelbarrow
19:13 Forging
23:16 Fervor
24:57 Husbandry
25:54 Bloodlines
|FMG| pablomac12
6:53 Loom
13:14 Feudal Age
16:58 Castle Age
17:41 Double-Bit Axe
21:27 Fletching
22:34 Bodkin Arrow
24:09 Bow Saw
23:51 Gold Mining
26:23 Horse Collar
27:21 Wheelbarrow
27:28 Crossbowman
Kümmelbrot OP
6:15 Loom
11:31 Feudal Age
12:29 Double-Bit Axe
18:31 Town Watch
21:40 Castle Age
19:22 Fishing Lines
24:22 Wheelbarrow
27:32 Imperial Age
26:59 Fletching
27:04 Gold Mining
27:42 Bow Saw
28:06 Bodkin Arrow
28:46 Bracer
28:43 Gillnets
29:30 Ballistics
THL
5:12 Loom
12:59 Feudal Age
17:29 Castle Age
25:59 Husbandry
28:07 Bloodlines
Connection lost

Rejoining the realm…

Still unreachable

The connection could not be restored.

Session expired

The server has moved on; the page needs a fresh start.